Map: Ley Lines

Players

LiquidClem (Clem)

  • Race: Protoss Protoss
  • League: Grandmaster
  • Spawn Location: 1:00

gumiho - Winner!

  • Race: Terran Terran
  • Spawn Location: 7:00

Event: HomeStory Cup XXVI

VOD

Have the link to the VOD?

Description

Time

  • Played on: Dec. 1, 2024, 6:13 p.m.
  • Length: 8:17

All games in this series

Show
View Real Time Build Order
Export as new Build Order

LiquidClem Protoss 

Build Orders: 1 Gate Expand, Blink Stalkers, Zealot Archon 

Get SALT Encoding   

  12  0:00  Probe  
  13  0:12  Probe  
  14  0:17  Pylon  
  14  0:23  Probe  
  15  0:31  Probe  
  16  0:35  Gateway  
  16  0:39  Probe  
  16  0:45  Assimilator  
  17  0:51  Probe  
  18  1:03  Probe  
  19  1:15  Probe  
  20  1:22  Cybernetics Core  
  20  1:31  Nexus  
  20  1:35  Probe  
  21  1:41  Pylon  
  21  1:47  Probe  
  21  1:49  Assimilator, Adept  
  22  2:00  Probe  
  25  2:02  Warp Gate  
  25  2:12  Probe  
  26  2:19  Adept  
  28  2:25  Probe  
  28  2:27  Twilight Council  
  29  2:33  Probe  
  29  2:39  Probe  
  29  2:41  Probe  
  31  2:46  Stalker, Blink  
  31  2:48  Probe  
  34  2:51  Probe  
  34  2:58  Probe  
  36  3:00  Gateway  
  37  3:06  Probe  
  37  3:10  Probe  
  39  3:19  Probe  
  40  3:22  Probe  
  41  3:30  Robotics Facility  
  41  3:31  Probe  
  42  3:34  Probe  
  42  3:40  Pylon  
  41  3:42  Gateway  
  41  3:43  Probe  
  41  3:46  Probe  
  43  3:50  Assimilator  
  43  3:51  Stalker  
  43  3:55  Probe  
  46  3:58  Stalker  
  46  4:00  Pylon, Probe  
  49  4:07  Warp Prism, Probe  
  50  4:15  Stalker  
  52  4:21  Stalker  
  56  4:32  Nexus  
  56  4:37  Stalker  
  56  4:39  Observer  
  56  4:45  Stalker  
  59  4:46  Stalker  
  59  4:50  Pylon  
  59  4:51  Observer  
  61  4:57  Assimilator  
  62  5:08  Probe  
  62  5:10  Stalker, Pylon  
  62  5:11  Stalker  
  62  5:12  Stalker  
  62  5:13  Probe  
  70  5:22  Probe  
  70  5:25  Probe  
  68  5:29  Forge  
  68  5:34  Probe  
  69  5:36  Stalker  
  69  5:37  Stalker, Probe  
  69  5:38  Stalker  
  76  5:45  Protoss Ground Weapons Level 1, Probe  
  76  5:47  Probe  
  76  5:49  Probe  
  79  5:55  Templar Archives  
  79  5:57  Probe  
  79  5:59  Probe  
  81  6:05  Gateway, Probe  
  81  6:06  Gateway  
  81  6:10  Charge, Probe  
  81  6:11  Probe  
  84  6:17  Probe  
  85  6:22  Probe  
  85  6:23  Gateway, Psionic Storm  
  84  6:28  Gateway  
  84  6:29  Probe  
  84  6:31  Stalker  
  82  6:33  Probe  
  82  6:39  Probe  
  80  6:41  Shield Battery, Probe  
  80  6:48  High Templar  
  80  6:51  Pylon  
  80  6:53  High Templar  
  83  6:55  Probe  
  83  6:56  Probe  
  85  7:02  Pylon  
  85  7:04  Zealot x2  
  87  7:08  Pylon  
  87  7:09  Zealot, Probe  
  87  7:10  Probe  
  92  7:21  Probe  
  92  7:26  Zealot x3  
  98  7:31  High Templar x2  
  98  7:34  Nexus  
  100  7:37  Zealot, Pylon  
  100  7:40  Pylon  
  101  7:47  Archon  
  101  7:51  Pylon  
  101  7:55  Probe x2  
  92  7:59  Zealot  
  92  8:00  Zealot x2  
  92  8:01  Archon  
  70  8:07  Stalker x4  
Show
View Real Time Build Order
Export as new Build Order

gumiho Terran - Winner!

Build Orders: Cyclone Opening 

Get SALT Encoding   

  12  0:00  SCV  
  13  0:12  SCV  
  14  0:16  Supply Depot  
  14  0:24  SCV  
  15  0:38  SCV  
  15  0:39  Barracks  
  16  0:43  Refinery  
  16  0:50  SCV  
  17  1:02  SCV  
  18  1:14  SCV  
  19  1:27  Orbital Command, Marine  
  20  1:39  Command Center  
  20  1:49  Factory  
  20  1:53  SCV  
  21  1:58  Refinery  
  21  2:03  Barracks Reactor  
  21  2:05  SCV  
  22  2:10  Supply Depot  
  22  2:17  SCV  
  23  2:31  SCV  
  23  2:33  Factory Tech Lab  
  23  2:36  Starport  
  24  2:39  Marine x2  
  24  2:43  SCV  
  27  2:50  Orbital Command  
  27  2:54  Cyclone  
  27  2:58  Marine  
  31  3:00  Marine  
  31  3:04  SCV  
  33  3:09  Supply Depot  
  33  3:14  Medivac  
  33  3:16  Orbital Command  
  33  3:18  Marine  
  36  3:20  Marine  
  36  3:27  SCV  
  38  3:39  SCV  
  39  3:43  Barracks  
  39  3:47  Barracks  
  39  3:48  Marine  
  39  3:49  Stimpack  
  39  3:50  Starport Reactor  
  39  3:51  SCV  
  39  3:52  SCV, Factory Tech Lab  
  42  4:01  Supply Depot  
  42  4:03  SCV  
  42  4:04  SCV  
  42  4:06  Marine  
  45  4:11  Siege Tank  
  45  4:15  SCV  
  45  4:16  SCV  
  50  4:20  Supply Depot  
  50  4:24  Marine  
  50  4:27  SCV  
  52  4:32  Marine x2  
  52  4:37  SCV  
  53  4:39  SCV  
  53  4:40  Supply Depot  
  53  4:42  Marine x3  
  57  4:47  Siege Tank  
  57  4:50  Marine x2  
  57  4:51  SCV x2  
  64  4:54  Medivac  
  64  4:58  Supply Depot  
  66  5:00  Marine x2  
  66  5:02  Marine  
  66  5:03  SCV x2  
  71  5:08  Marine  
  71  5:09  Marine  
  73  5:17  Supply Depot  
  73  5:18  SCV x2, Marine x2  
  73  5:20  Marine  
  78  5:26  Marine x2  
  76  5:29  Supply Depot, Medivac  
  78  5:36  Combat Shield  
  78  5:38  Marine  
  79  5:47  Marine x2  
  79  5:48  Marine x2  
  82  5:53  SCV  
  82  5:54  SCV  
  82  5:55  Supply Depot  
  82  5:56  Supply Depot, Marine  
  85  5:58  Siege Tank  
  85  6:05  Marine x2  
  85  6:06  Marine x2  
  88  6:14  Marine  
  88  6:16  Medivac  
  89  6:23  Marine x2  
  89  6:24  Marine x2  
  93  6:32  Marine  
  90  6:40  Marine  
  90  6:41  Marine x2  
  90  6:42  Marine  
  91  6:47  SCV x2  
  91  6:50  Marine  
  91  6:53  Supply Depot x2  
  94  6:56  Siege Tank  
  94  6:58  Marine x2  
  94  6:59  SCV, Marine x2  
  102  7:01  Medivac  
  102  7:07  Marine  
  104  7:16  Marine x2  
  104  7:17  Marine x2  
  108  7:25  Marine  
  108  7:34  Marine x2  
  108  7:35  Marine x2  
  111  7:38  Siege Tank, Starport Reactor  
  111  7:43  Marine  
  115  7:52  Marine x2  
  115  7:53  Marine x2, Bunker  
Tags
 
Add a new tag
Caveats
  • Supply blocks, unpowered buildings, or Contaminate may cause inaccurate times.
  • Supply counts are checked every 10 seconds.